Match 46225908
Unlisted

Match 46225908
End
Pioneer Squad
Pioneer Squad
Construct Infanterie Kompanie
Selects Mechanized Battlegroup
Grenadier Squad
MG 42 Machine Gun Team
Grenadier Squad
Infanterie Officer Quarters
Grenadier Squad
Construct Panzergrenadier Kompanie
Selects Raid Package
Pak 40 Anti-tank Gun Team
Selects 8 Rad Armored Car
8 Rad Armored Car
Panzergrenadier Squad
Medical Bunker
Construct Panzer Kompanie
Selects UNKNOWN (2160084)
Selects Spotting Scopes
Selects Wespe Self-propelled Artillery
Pie-Eater
Sir Chocolate Thunda, Gravion
0
0

Comments sign in to comment!

No comments posted yet!